Florida Panthers vs Boston Bruins

Created - jeudi 7 mars 2019 at 19:00

Goals
1 2 3 T
Florida Panthers 1 1 0 2
Boston Bruins 0 0 0 0
Shots
1 2 3 T
Florida Panthers 7 21 8 36
Boston Bruins 9 7 8 24

1st period

1. Florida Panthers , Cody McLeod 2 (Brett Ritchie 7, Jimmy Vesey 11) at 18:12

Penalties :
Nick Bjugstad (FLO) for Holding (Minor) at 5:30

2nd period

2. Florida Panthers , Radim Vrbata 12 (Jimmy Vesey 12, Jared McCann 9) at 9:15

Penalties :
Nick Bjugstad (FLO) for Hooking (Minor) at 4:21

3rd period

No Goal

Penalties :
Antoine Roussel (BOS) for Holding (Minor) at 10:06, Jimmy Vesey (FLO) for Hooking (Minor) at 14:11

Goalie Stats

Scott Darling (FLO), 24 saves from 24 shots - (1.000), W, 4-4-1, 60:00 minutes
Aaron Dell (BOS), 34 saves from 36 shots - (0.944), L, 9-13-2, 60:00 minutes

Players Stats for Florida Panthers

Player Name              G  A  P  +/- PIM S  H  SB GA TA FO     MP     PP MP  PK MP  
------------------------------------------------------------------------------------
Adam Erne                0  0  0   0  0   3  2  0  0  0  0/0    12:43   0:00   0:44 
Brett Ritchie            0  1  1   1  0   1  1  0  0  1  0/0    13:23   0:10   0:06 
Cody McLeod              1  0  1   1  0   2  2  0  0  0  1/1    13:39   0:00   0:43 
Darnell Nurse            0  0  0   1  0   2  2  3  0  0  0/0    24:50   1:08   3:15 
Henrik Borgstrom         0  0  0   1  0   0  2  0  0  0  0/2    12:06   0:00   0:42 
Ian McCoshen             0  0  0   0  0   0  2  1  0  0  0/0    14:49   0:00   0:00 
Jared McCann             0  1  1   1  0   3  2  0  0  0  13/16  16:53   0:52   2:35 
Jimmy Vesey              0  2  2   1  2   3  3  0  2  0  0/1    14:37   0:52   0:00 
Jonathan Huberdeau       0  0  0   0  0   3  4  0  1  0  0/0    18:11   1:07   2:45 
Justin Holl              0  0  0   0  0   2  0  1  0  0  0/0    14:54   0:00   0:00 
Keith Yandle             0  0  0   1  0   3  0  1  1  0  0/0    24:56   1:08   3:15 
Kyle Rau                 0  0  0   0  0   1  0  0  1  0  1/3    12:00   0:00   0:27 
Mark Pysyk               0  0  0   1  0   1  0  2  0  0  0/0    20:10   0:51   2:42 
Mike Matheson            0  0  0   1  0   0  0  2  0  0  0/0    20:10   0:51   2:42 
Nick Bjugstad            0  0  0   0  4   3  1  1  0  0  0/1    16:16   0:57   0:55 
Radim Vrbata             1  0  1   1  0   3  2  0  1  0  0/2    14:53   0:52   0:00 
Seth Griffith            0  0  0   0  0   2  1  0  0  0  1/2    11:11   0:00   0:00 
Vincent Trocheck         0  0  0   0  0   4  1  0  0  0  7/16   18:19   1:07   2:57 

Players Stats for Boston Bruins

Player Name              G  A  P  +/- PIM S  H  SB GA TA FO     MP     PP MP  PK MP  
------------------------------------------------------------------------------------
Adam McQuaid             0  0  0   0  0   0  3  1  0  0  0/0    14:31   0:09   0:00 
Antoine Roussel          0  0  0   0  2   0  1  0  0  0  2/8    15:29   0:00   0:00 
Brad Marchand            0  0  0  -1  0   4  1  0  0  0  0/0    22:38   3:01   0:20 
Brandon Carlo            0  0  0   0  0   0  2  0  0  0  0/0    17:31   2:46   0:52 
Charlie McAvoy           0  0  0   0  0   0  0  0  0  0  0/0     8:09   3:11   1:07 
David Pastrnak           0  0  0  -1  0   4  1  2  0  0  0/2    17:04   2:56   0:00 
Derek MacKenzie          0  0  0   0  0   1  2  0  0  0  4/5    13:31   2:42   0:58 
Joe Pavelski             0  0  0  -1  0   0  1  0  1  0  0/0    18:39   2:52   0:21 
Kevan Miller             0  0  0  -2  0   2  0  4  0  1  0/0    16:46   0:00   0:00 
Niklas Hjalmarsson       0  0  0   0  0   2  4  2  0  1  0/0    21:55   3:02   1:07 
Riley Nash               0  0  0  -1  0   0  2  0  0  0  2/2    15:46   0:00   0:00 
Ryan Donato              0  0  0   0  0   1  4  0  0  0  1/1    13:22   0:00   0:00 
Ryan O'Reilly            0  0  0  -1  0   4  3  1  0  2  4/11   18:44   3:01   0:40 
Ryan Spooner             0  0  0   0  0   4  1  0  0  0  2/2    15:21   0:23   0:00 
Tim Schaller             0  0  0   0  0   0  1  0  0  0  0/1     9:48   0:00   0:40 
Torey Krug               0  0  0  -2  0   1  1  1  0  1  0/0    22:11   2:46   0:52 
Tyler Seguin             0  0  0  -1  0   0  1  1  0  0  6/12   17:31   2:56   0:59 
Will Butcher             0  0  0   0  0   1  0  0  0  1  0/0    19:04   0:00   0:00 

3 Stars

1 - Scott Darling (FLO)
2 - Radim Vrbata (FLO)
3 - Cody McLeod (FLO)

Power Play

Florida Panthers - 0 on 1 Attempt(s) - 0.00%
Boston Bruins - 0 on 3 Attempt(s) - 0.00%

Penalty Kill

Florida Panthers - 3 on 3 Attempt(s) - 100.00% - Score 0 goal in Penalty Kill
Boston Bruins - 1 on 1 Attempt(s) - 100.00% - Score 0 goal in Penalty Kill

Team Stat

Florida Panthers - Hits : 25 - Faceoff Wins : 23 - Blocked Shots : 11 - Penalty Minutes : 6
Boston Bruins - Hits : 28 - Faceoff Wins : 21 - Blocked Shots : 12 - Penalty Minutes : 2

Official

Referees : Tom Kowal and Brian Pochmara
Linesman : Tony Sericolo and Mark Shewchyk

Game Notes

No Game Note

Finance

Level 1 -- Attendance: 10000 (100.00%) -- Ticket Income fr. 800'000
Level 2 -- Attendance: 1624 (81.20%) -- Ticket Income fr. 113'680
Level 3 -- Attendance: 2905 (83.00%) -- Ticket Income fr. 98'770
Level 4 -- Attendance: 1100 (75.86%) -- Ticket Income fr. 25'300
Luxury Box -- Attendance: 41 (82.00%) -- Ticket Income fr. 9'143
Game was played at the TD Garden.
Total Attendance: 15670 (92.18%)
Total Ticket Income: fr. 1'046'893
Total Income: fr. 1'046'893

Florida Panthers

5 vs 5 Forward 
   Center                   Left Wing                Right Wing               Time % Phy DF OF 
 1 Vincent Trocheck         Jonathan Huberdeau       Nick Bjugstad            30     1   2  2  
 2 Jared McCann             Jimmy Vesey              Radim Vrbata             30     1   2  2  
 3 Henrik Borgstrom         Cody McLeod              Brett Ritchie            25     1   2  2  
 4 Kyle Rau                 Adam Erne                Seth Griffith            15     1   2  2  

5 vs 5 Defense 
   Defense                  Defense                                           Time % Phy DF OF 
 1 Keith Yandle             Darnell Nurse                                     30     1   2  2  
 2 Mike Matheson            Mark Pysyk                                        30     1   2  2  
 3 Ian McCoshen             Justin Holl                                       25     1   2  2  
 4 Keith Yandle             Darnell Nurse                                     15     1   2  2  

PowerPlay Forward 
   Center                   Left Wing                Right Wing               Time % Phy DF OF 
 1 Vincent Trocheck         Jonathan Huberdeau       Nick Bjugstad            50     1   2  2  
 2 Jared McCann             Jimmy Vesey              Radim Vrbata             50     1   2  2  

PowerPlay Defense
   Defense                  Defense                                           Time % Phy DF OF 
 1 Keith Yandle             Darnell Nurse                                     50     1   2  2  
 2 Mike Matheson            Mark Pysyk                                        50     1   2  2  

Penalty Kill 4 Players Forward 
   Center                   Wing                     Time % Phy DF OF 
 1 Vincent Trocheck         Jonathan Huberdeau       50     1   2  2  
 2 Nick Bjugstad            Jared McCann             50     1   2  2  

Penalty Kill 4 Players Defense
   Defense                  Defense                  Time % Phy DF OF 
 1 Keith Yandle             Darnell Nurse            50     1   2  2  
 2 Mike Matheson            Mark Pysyk               50     1   2  2  

Penalty Kill - 3 Players Forward 
   Forward                                           Time % Phy DF OF 
 1 Vincent Trocheck                                  50     1   2  2  
 2 Jonathan Huberdeau                                50     1   2  2  

Penalty Kill - 3 Players Defense
   Defense                  Defense                  Time % Phy DF OF 
 1 Keith Yandle             Darnell Nurse            50     1   2  2  
 2 Mike Matheson            Mark Pysyk               50     1   2  2  

4 vs 4 Forward 
   Center                   Wing                     Time % Phy DF OF 
 1 Vincent Trocheck         Jonathan Huberdeau       50     1   2  2  
 2 Nick Bjugstad            Jared McCann             50     1   2  2  

4 vs 4 Defense
   Defense                  Defense                  Time % Phy DF OF 
 1 Keith Yandle             Darnell Nurse            50     1   2  2  
 2 Mike Matheson            Mark Pysyk               50     1   2  2  

Last Minutes Offensive
   Center                   Left Wing                Right Wing               Defense                  Defense                  
   Vincent Trocheck         Jonathan Huberdeau       Nick Bjugstad            Keith Yandle             Darnell Nurse            

Last Minutes Defensive
   Center                   Left Wing                Right Wing               Defense                  Defense                  
   Vincent Trocheck         Jonathan Huberdeau       Nick Bjugstad            Keith Yandle             Darnell Nurse            

Goaltenders
Starting : Scott Darling            
Backup : Roberto Luongo           

Extra Forwards
Normal : Brett Ritchie, Cody McLeod, Adam Erne - PP : Brett Ritchie, Cody McLeod - PK : Adam Erne
Extra Defensemen
Normal : Ian McCoshen, Justin Holl, Mike Matheson - PP : Ian McCoshen - PK : Justin Holl, Mike Matheson
Penalty Shots
Vincent Trocheck, Jonathan Huberdeau, Nick Bjugstad, Jared McCann, Jimmy Vesey
Custom OT Lines Forwards
Vincent Trocheck, Jonathan Huberdeau, Nick Bjugstad, Jared McCann, Jimmy Vesey, Radim Vrbata, Brett Ritchie, Cody McLeod, Adam Erne, Seth Griffith
Custom OT Lines Defensemen
Keith Yandle, Darnell Nurse, Mike Matheson, Mark Pysyk, Ian McCoshen

Scratches
Aleksander Barkov (Exhaustion), Melker Karlsson (Lacerated Left Calf Injury), Mark Jankowski (Fractured Bone in Right Hand Injury), Brock Boeser (Exhaustion)

Boston Bruins

5 vs 5 Forward 
   Center                   Left Wing                Right Wing               Time % Phy DF OF 
 1 Tyler Seguin             Brad Marchand            David Pastrnak           33     0   2  3  
 2 Ryan O'Reilly            Riley Nash               Joe Pavelski             31     0   2  3  
 3 Antoine Roussel          Ryan Donato              Ryan Spooner             23     1   2  2  
 4 Derek MacKenzie          Brad Marchand            Tim Schaller             13     1   3  1  

5 vs 5 Defense 
   Defense                  Defense                                           Time % Phy DF OF 
 1 Torey Krug               Kevan Miller                                      38     1   2  2  
 2 Niklas Hjalmarsson       Will Butcher                                      37     1   2  2  
 3 Adam McQuaid             Brandon Carlo                                     25     1   2  2  
 4 Charlie McAvoy           Torey Krug                                        0      1   2  2  

PowerPlay Forward 
   Center                   Left Wing                Right Wing               Time % Phy DF OF 
 1 Tyler Seguin             Derek MacKenzie          David Pastrnak           50     1   1  3  
 2 Ryan O'Reilly            Brad Marchand            Joe Pavelski             50     1   1  3  

PowerPlay Defense
   Defense                  Defense                                           Time % Phy DF OF 
 1 Niklas Hjalmarsson       Charlie McAvoy                                    60     1   1  3  
 2 Torey Krug               Brandon Carlo                                     40     1   1  3  

Penalty Kill 4 Players Forward 
   Center                   Wing                     Time % Phy DF OF 
 1 Derek MacKenzie          Tyler Seguin             55     1   3  1  
 2 Ryan O'Reilly            Tim Schaller             45     1   3  1  

Penalty Kill 4 Players Defense
   Defense                  Defense                  Time % Phy DF OF 
 1 Charlie McAvoy           Niklas Hjalmarsson       50     1   3  1  
 2 Torey Krug               Brandon Carlo            50     1   3  1  

Penalty Kill - 3 Players Forward 
   Forward                                           Time % Phy DF OF 
 1 Derek MacKenzie                                   50     1   4  0  
 2 Tyler Seguin                                      50     1   4  0  

Penalty Kill - 3 Players Defense
   Defense                  Defense                  Time % Phy DF OF 
 1 Niklas Hjalmarsson       Brandon Carlo            50     1   2  2  
 2 Charlie McAvoy           Torey Krug               50     1   2  2  

4 vs 4 Forward 
   Center                   Wing                     Time % Phy DF OF 
 1 Tyler Seguin             Ryan O'Reilly            50     1   1  3  
 2 Joe Pavelski             David Pastrnak           50     1   1  3  

4 vs 4 Defense
   Defense                  Defense                  Time % Phy DF OF 
 1 Torey Krug               Niklas Hjalmarsson       50     1   2  2  
 2 Brandon Carlo            Charlie McAvoy           50     1   2  2  

Last Minutes Offensive
   Center                   Left Wing                Right Wing               Defense                  Defense                  
   Tyler Seguin             Brad Marchand            David Pastrnak           Charlie McAvoy           Niklas Hjalmarsson       

Last Minutes Defensive
   Center                   Left Wing                Right Wing               Defense                  Defense                  
   Ryan O'Reilly            Derek MacKenzie          Antoine Roussel          Kevan Miller             Niklas Hjalmarsson       

Goaltenders
Starting : Aaron Dell               
Backup : Tuukka Rask              

Extra Forwards
Normal : David Pastrnak, Ryan Spooner, Tyler Seguin - PP : Ryan O'Reilly, Ryan Spooner - PK : Tyler Seguin
Extra Defensemen
Normal : Niklas Hjalmarsson, Brandon Carlo, Charlie McAvoy - PP : Brandon Carlo - PK : Brandon Carlo, Niklas Hjalmarsson
Penalty Shots
Brad Marchand, Tyler Seguin, Ryan O'Reilly, Joe Pavelski, David Pastrnak
Custom OT Lines Forwards
Brad Marchand, Tyler Seguin, Ryan O'Reilly, Joe Pavelski, David Pastrnak, Riley Nash, Antoine Roussel, Ryan Spooner, Tim Schaller, Derek MacKenzie
Custom OT Lines Defensemen
Charlie McAvoy, Niklas Hjalmarsson, Brandon Carlo, Adam McQuaid, Torey Krug

Scratches
Jonathan Marchessault (Strained Left Elbow Injury), Noel Acciari (Healthy), Austin Czarnik (Healthy)

% Time on Ice - Florida Panthers

Lines # - Real PCT - Wanted PCT - Time Play
Normal Forward
1 - 29% - 30% - 15:06
2 - 29% - 30% - 14:51
3 - 22% - 25% - 11:24
4 - 21% - 15% - 10:43
Normal Defense
1 - 28% - 30% - 14:48
2 - 34% - 30% - 17:39
3 - 27% - 25% - 13:52
4 - 11% - 15% - 5:45
PP Forward
1 - 56% - 50% - 1:07
2 - 44% - 50% - 0:52
PP Defense
1 - 57% - 50% - 1:08
2 - 43% - 50% - 0:51
PK Forward
1 - 48% - 50% - 2:53
2 - 52% - 50% - 3:04
PK Defense
1 - 55% - 50% - 3:15
2 - 45% - 50% - 2:42
PK3 Forward
1 - 0% - 50%
2 - 0% - 50%
PK3 Defense
1 - 0% - 50%
2 - 0% - 50%
44 Forward
1 - 0% - 50%
2 - 0% - 50%
44 Defense
1 - 0% - 50%
2 - 0% - 50%
Last Minute Offensive  - 0:00
Last Minute Defensive  - 0:00
Total
Forward - 60:00
Defense - 60:00

% Time on Ice - Boston Bruins

Lines # - Real PCT - Wanted PCT - Time Play
Normal Forward
1 - 28% - 33% - 14:38
2 - 32% - 31% - 16:53
3 - 25% - 23% - 12:59
4 - 15% - 13% - 7:34
Normal Defense
1 - 34% - 38% - 17:48
2 - 40% - 37% - 20:36
3 - 23% - 25% - 11:46
4 - 4% - 0% - 1:54
PP Forward
1 - 49% - 50% - 2:56
2 - 51% - 50% - 3:01
PP Defense
1 - 54% - 60% - 3:11
2 - 46% - 40% - 2:46
PK Forward
1 - 66% - 55% - 1:19
2 - 34% - 45% - 0:40
PK Defense
1 - 56% - 50% - 1:07
2 - 44% - 50% - 0:52
PK3 Forward
1 - 0% - 50%
2 - 0% - 50%
PK3 Defense
1 - 0% - 50%
2 - 0% - 50%
44 Forward
1 - 0% - 50%
2 - 0% - 50%
44 Defense
1 - 0% - 50%
2 - 0% - 50%
Last Minute Offensive  - 0:00
Last Minute Defensive  - 0:00
Total
Forward - 60:00
Defense - 60:00

Play-by-Play

1st period


0:01 of 1st period - Vincent Trocheck wins face-off versus David Pastrnak in neutral zone.
0:26 of 1st period - Darnell Nurse is hit by Torey Krug and loses puck.
0:54 of 1st period - Ryan O'Reilly is hit by Seth Griffith and loses puck.
1:05 of 1st period - Slapshot by Ryan O'Reilly.
1:05 of 1st period - Shot Blocked by Mark Pysyk.
1:13 of 1st period - Slapshot by Ryan O'Reilly.
1:13 of 1st period - Stopped by Scott Darling with a rebound.
1:15 of 1st period - Slapshot by Niklas Hjalmarsson.
1:15 of 1st period - Shot Blocked by Mike Matheson.
1:17 of 1st period - Snap shot by Riley Nash.
1:17 of 1st period - Deflect By Ryan O'Reilly.
1:17 of 1st period - Stopped by Scott Darling with a rebound.
1:19 of 1st period - Snap shot by Joe Pavelski.
1:19 of 1st period - Shot Blocked by Mark Pysyk.
1:43 of 1st period - Snap shot by Joe Pavelski.
1:43 of 1st period - Deflect By Mark Pysyk.
1:43 of 1st period - Shot Blocked by Mike Matheson.
1:43 of 1st period - Puck is out of play.
1:44 of 1st period - Jared McCann wins face-off versus Antoine Roussel in Florida Panthers zone.
1:59 of 1st period - Slapshot by Ryan Donato.
1:59 of 1st period - Shot Misses the Net.
2:14 of 1st period - Snap shot by Brad Marchand.
2:14 of 1st period - Shot Misses the Net.
2:16 of 1st period - Wrist shot by Brad Marchand.
2:16 of 1st period - Stopped by Scott Darling with a rebound.
2:18 of 1st period - Snap shot by Brad Marchand.
2:18 of 1st period - Stopped by Scott Darling without a rebound.
2:19 of 1st period - Seth Griffith wins face-off versus Derek MacKenzie in Florida Panthers zone.
2:26 of 1st period - Slapshot by Keith Yandle.
2:26 of 1st period - Stopped by Aaron Dell with a rebound.
2:28 of 1st period - Slapshot by Darnell Nurse.
2:28 of 1st period - Stopped by Aaron Dell without a rebound.
2:29 of 1st period - Derek MacKenzie wins face-off versus Kyle Rau in Boston Bruins zone.
2:50 of 1st period - Slapshot by Brad Marchand.
2:50 of 1st period - Shot Blocked by Darnell Nurse.
2:58 of 1st period - Slapshot by Keith Yandle.
2:58 of 1st period - Shot Blocked by Kevan Miller.
3:38 of 1st period - Icing by Seth Griffith.
3:39 of 1st period - Kyle Rau wins face-off versus Antoine Roussel in Florida Panthers zone.
3:39 of 1st period - Kyle Rau is hit by Ryan Donato.
3:55 of 1st period - Will Butcher is hit by Adam Erne.
4:11 of 1st period - Snap shot by Seth Griffith.
4:11 of 1st period - Stopped by Aaron Dell with a rebound.
4:25 of 1st period - Slapshot by Ryan Spooner.
4:25 of 1st period - Stopped by Scott Darling with a rebound.
4:27 of 1st period - Slapshot by Will Butcher.
4:27 of 1st period - Shot Misses the Net.
4:45 of 1st period - Snap shot by Adam Erne.
4:45 of 1st period - Shot Blocked by Niklas Hjalmarsson.
5:08 of 1st period - Slapshot by Adam Erne.
5:08 of 1st period - Stopped by Aaron Dell without a rebound.
5:09 of 1st period - Vincent Trocheck wins face-off versus Tyler Seguin in Boston Bruins zone.
5:22 of 1st period - Slapshot by Jonathan Huberdeau.
5:22 of 1st period - Shot Misses the Net.
5:30 of 1st period - Minor Penalty to Nick Bjugstad for Holding.
5:31 of 1st period - Tyler Seguin wins face-off versus Vincent Trocheck in Florida Panthers zone.
5:34 of 1st period - Slapshot by Tyler Seguin.
5:34 of 1st period - Shot Blocked by Darnell Nurse.
7:30 of 1st period - Penalty to Nick Bjugstad is over, Nick Bjugstad is back on ice.
7:41 of 1st period - Jimmy Vesey is hit by Adam McQuaid and loses puck.
8:48 of 1st period - Riley Nash is hit by Ian McCoshen and loses puck.
12:21 of 1st period - Jared McCann is hit by Ryan O'Reilly and loses puck.
12:34 of 1st period - Ryan Spooner is hit by Vincent Trocheck and loses puck.
13:29 of 1st period - Icing by Niklas Hjalmarsson.
13:30 of 1st period - Riley Nash wins face-off versus Vincent Trocheck in Boston Bruins zone.
13:47 of 1st period - Ryan Spooner is hit by Radim Vrbata and loses puck.
14:12 of 1st period - Kyle Rau is hit by Derek MacKenzie and loses puck.
14:23 of 1st period - Snap shot by David Pastrnak.
14:23 of 1st period - Stopped by Scott Darling with a rebound.
14:25 of 1st period - Slapshot by Torey Krug.
14:25 of 1st period - Stopped by Scott Darling with a rebound.
14:35 of 1st period - Kyle Rau is hit by Joe Pavelski and loses puck.
14:46 of 1st period - Snap shot by Adam Erne.
14:46 of 1st period - Shot Misses the Net.
15:08 of 1st period - Wrist shot by Jared McCann.
15:08 of 1st period - Stopped by Aaron Dell without a rebound.
15:09 of 1st period - Jared McCann wins face-off versus Tim Schaller in Boston Bruins zone.
15:57 of 1st period - Henrik Borgstrom is hit by Brandon Carlo and loses puck.
16:19 of 1st period - David Pastrnak is hit by Jonathan Huberdeau and loses puck.
16:32 of 1st period - Brett Ritchie is hit by Derek MacKenzie and loses puck.
16:51 of 1st period - Kyle Rau is hit by Ryan O'Reilly and loses puck.
17:23 of 1st period - Jimmy Vesey is hit by Tim Schaller and loses puck.
17:56 of 1st period - Antoine Roussel is hit by Radim Vrbata and loses puck.
18:10 of 1st period - Snap shot by Brett Ritchie.
18:10 of 1st period - Shot Blocked by Kevan Miller.
18:12 of 1st period - Snap shot by Cody McLeod.
18:12 of 1st period - Goal by Cody McLeod - Florida Panthers : 1 - Boston Bruins : 0.
18:13 of 1st period - Jared McCann wins face-off versus Ryan O'Reilly in neutral zone.
18:38 of 1st period - Tyler Seguin is hit by Jonathan Huberdeau and loses puck.
18:51 of 1st period - Snap shot by Jonathan Huberdeau.
18:51 of 1st period - Stopped by Aaron Dell with a rebound.
19:00 of 1st period - Tyler Seguin is hit by Cody McLeod.
19:02 of 1st period - Snap shot by Ryan Spooner.
19:02 of 1st period - Shot Misses the Net.
19:05 of 1st period - Icing by Mike Matheson.
19:06 of 1st period - Ryan Donato wins face-off versus Henrik Borgstrom in Florida Panthers zone.
19:15 of 1st period - Slapshot by Ryan Donato.
19:15 of 1st period - Shot Misses the Net.
19:17 of 1st period - Slapshot by Niklas Hjalmarsson.
19:17 of 1st period - Deflect By Cody McLeod.
19:17 of 1st period - Stopped by Scott Darling without a rebound.
19:18 of 1st period - Tyler Seguin wins face-off versus Radim Vrbata in Florida Panthers zone.
19:19 of 1st period - Slapshot by Brad Marchand.
19:19 of 1st period - Shot Misses the Net.
19:21 of 1st period - Wrist shot by David Pastrnak.
19:21 of 1st period - Stopped by Scott Darling without a rebound.
19:22 of 1st period - Jared McCann wins face-off versus Tyler Seguin in Florida Panthers zone.
19:29 of 1st period - David Pastrnak is hit by Jimmy Vesey and loses puck.
Goals for this period are 1 for Florida Panthers vs 0 for Boston Bruins.
Shots for this period are 7 for Florida Panthers vs 9 for Boston Bruins.

2nd period


0:01 of 2nd period - Tyler Seguin wins face-off versus Nick Bjugstad in neutral zone.
0:06 of 2nd period - Slapshot by Torey Krug.
0:06 of 2nd period - Shot Blocked by Darnell Nurse.
0:08 of 2nd period - Wrist shot by Brad Marchand.
0:08 of 2nd period - Stopped by Scott Darling without a rebound.
0:09 of 2nd period - Vincent Trocheck wins face-off versus David Pastrnak in Florida Panthers zone.
0:23 of 2nd period - Off-side.
0:24 of 2nd period - Jared McCann wins face-off versus Ryan O'Reilly in neutral zone.
0:29 of 2nd period - Snap shot by Keith Yandle.
0:29 of 2nd period - Stopped by Aaron Dell with a rebound.
0:55 of 2nd period - Brett Ritchie is hit by David Pastrnak and loses puck.
1:32 of 2nd period - Slapshot by Keith Yandle.
1:32 of 2nd period - Shot Blocked by Niklas Hjalmarsson.
1:34 of 2nd period - Slapshot by Adam Erne.
1:34 of 2nd period - Deflect By Tim Schaller.
1:34 of 2nd period - Stopped by Aaron Dell with a rebound.
1:46 of 2nd period - Seth Griffith is hit by Brad Marchand and loses puck.
1:53 of 2nd period - Snap shot by Brad Marchand.
1:53 of 2nd period - Shot Misses the Net.
2:17 of 2nd period - Snap shot by Derek MacKenzie.
2:17 of 2nd period - Stopped by Scott Darling with a rebound.
2:27 of 2nd period - Slapshot by Brad Marchand.
2:27 of 2nd period - Stopped by Scott Darling without a rebound.
2:28 of 2nd period - Ryan O'Reilly wins face-off versus Radim Vrbata in Florida Panthers zone.
2:53 of 2nd period - Torey Krug is hit by Henrik Borgstrom and loses puck.
3:02 of 2nd period - Snap shot by Brett Ritchie.
3:02 of 2nd period - Stopped by Aaron Dell without a rebound.
3:03 of 2nd period - Ryan O'Reilly wins face-off versus Vincent Trocheck in Boston Bruins zone.
3:10 of 2nd period - Snap shot by Jonathan Huberdeau.
3:10 of 2nd period - Stopped by Aaron Dell with a rebound.
3:16 of 2nd period - Slapshot by Ryan O'Reilly.
3:16 of 2nd period - Shot Misses the Net.
3:18 of 2nd period - Wrist shot by Ryan O'Reilly.
3:18 of 2nd period - Shot Blocked by Justin Holl.
4:04 of 2nd period - Icing by Torey Krug.
4:05 of 2nd period - Vincent Trocheck wins face-off versus Antoine Roussel in Boston Bruins zone.
4:21 of 2nd period - Minor Penalty to Nick Bjugstad for Hooking.
4:22 of 2nd period - Tyler Seguin wins face-off versus Vincent Trocheck in Florida Panthers zone.
6:03 of 2nd period - Brad Marchand is hit by Jonathan Huberdeau and loses puck.
6:21 of 2nd period - Penalty to Nick Bjugstad is over, Nick Bjugstad is back on ice.
6:32 of 2nd period - Henrik Borgstrom is hit by Ryan Donato and loses puck.
6:59 of 2nd period - Snap shot by Jimmy Vesey.
6:59 of 2nd period - Stopped by Aaron Dell with a rebound.
7:05 of 2nd period - Adam McQuaid is hit by Jared McCann and loses puck.
7:20 of 2nd period - David Pastrnak is hit by Darnell Nurse.
7:38 of 2nd period - Joe Pavelski is hit by Darnell Nurse and loses puck.
7:45 of 2nd period - Wrist shot by Cody McLeod.
7:45 of 2nd period - Stopped by Aaron Dell without a rebound.
7:46 of 2nd period - Derek MacKenzie wins face-off versus Seth Griffith in Boston Bruins zone.
7:55 of 2nd period - Wrist shot by Adam Erne.
7:55 of 2nd period - Stopped by Aaron Dell with a rebound.
7:57 of 2nd period - Snap shot by Adam Erne.
7:57 of 2nd period - Shot Misses the Net.
7:59 of 2nd period - Snap shot by Kyle Rau.
7:59 of 2nd period - Stopped by Aaron Dell without a rebound.
8:00 of 2nd period - Vincent Trocheck wins face-off versus Antoine Roussel in Boston Bruins zone.
8:03 of 2nd period - Wrist shot by Nick Bjugstad.
8:03 of 2nd period - Stopped by Aaron Dell without a rebound.
8:04 of 2nd period - Ryan Spooner wins face-off versus Vincent Trocheck in Boston Bruins zone.
8:16 of 2nd period - Antoine Roussel is hit by Jonathan Huberdeau and loses puck.
9:03 of 2nd period - Wrist shot by Jonathan Huberdeau.
9:03 of 2nd period - Shot Blocked by David Pastrnak.
9:05 of 2nd period - Wrist shot by Nick Bjugstad.
9:05 of 2nd period - Stopped by Aaron Dell without a rebound.
9:06 of 2nd period - Jared McCann wins face-off versus Ryan O'Reilly in Boston Bruins zone.
9:07 of 2nd period - Slapshot by Keith Yandle.
9:07 of 2nd period - Shot Blocked by Kevan Miller.
9:09 of 2nd period - Slapshot by Jared McCann.
9:09 of 2nd period - Stopped by Aaron Dell with a rebound.
9:11 of 2nd period - Slapshot by Radim Vrbata.
9:11 of 2nd period - Shot Misses the Net.
9:13 of 2nd period - Snap shot by Jimmy Vesey.
9:13 of 2nd period - Stopped by Aaron Dell with a rebound.
9:15 of 2nd period - Snap shot by Radim Vrbata.
9:15 of 2nd period - Goal by Radim Vrbata - Florida Panthers : 2 - Boston Bruins : 0.
9:16 of 2nd period - Tyler Seguin wins face-off versus Jared McCann in neutral zone.
9:21 of 2nd period - Darnell Nurse is hit by Tyler Seguin and loses puck.
10:01 of 2nd period - Keith Yandle is hit by Niklas Hjalmarsson and loses puck.
10:20 of 2nd period - Icing by Jonathan Huberdeau.
10:21 of 2nd period - Vincent Trocheck wins face-off versus Tyler Seguin in Florida Panthers zone.
10:40 of 2nd period - Wrist shot by Vincent Trocheck.
10:40 of 2nd period - Stopped by Aaron Dell with a rebound.
10:42 of 2nd period - Slapshot by Mike Matheson.
10:42 of 2nd period - Shot Blocked by Tyler Seguin.
10:44 of 2nd period - Slapshot by Justin Holl.
10:44 of 2nd period - Shot Blocked by Adam McQuaid.
10:46 of 2nd period - Snap shot by Nick Bjugstad.
10:46 of 2nd period - Shot Misses the Net.
10:48 of 2nd period - Snap shot by Vincent Trocheck.
10:48 of 2nd period - Stopped by Aaron Dell with a rebound.
10:50 of 2nd period - Snap shot by Nick Bjugstad.
10:50 of 2nd period - Shot Misses the Net.
10:52 of 2nd period - Snap shot by Jonathan Huberdeau.
10:52 of 2nd period - Stopped by Aaron Dell with a rebound.
11:02 of 2nd period - Wrist shot by Tyler Seguin.
11:02 of 2nd period - Shot Misses the Net.
12:04 of 2nd period - Wrist shot by Nick Bjugstad.
12:04 of 2nd period - Stopped by Aaron Dell without a rebound.
12:05 of 2nd period - Riley Nash wins face-off versus Jimmy Vesey in Boston Bruins zone.
12:30 of 2nd period - Kevan Miller is hit by Henrik Borgstrom and loses puck.
13:09 of 2nd period - Darnell Nurse is hit by Adam McQuaid and loses puck.
14:02 of 2nd period - Icing by Henrik Borgstrom.
14:03 of 2nd period - Ryan Spooner wins face-off versus Henrik Borgstrom in Florida Panthers zone.
14:19 of 2nd period - Slapshot by Jared McCann.
14:19 of 2nd period - Shot Blocked by Torey Krug.
14:23 of 2nd period - Snap shot by Radim Vrbata.
14:23 of 2nd period - Stopped by Aaron Dell with a rebound.
14:25 of 2nd period - Slapshot by Justin Holl.
14:25 of 2nd period - Stopped by Aaron Dell without a rebound.
14:26 of 2nd period - Ryan O'Reilly wins face-off versus Jared McCann in Boston Bruins zone.
15:07 of 2nd period - Icing by Niklas Hjalmarsson.
15:08 of 2nd period - Antoine Roussel wins face-off versus Kyle Rau in Boston Bruins zone.
15:17 of 2nd period - Wrist shot by David Pastrnak.
15:17 of 2nd period - Stopped by Scott Darling without a rebound.
15:18 of 2nd period - Jared McCann wins face-off versus Tyler Seguin in Florida Panthers zone.
15:22 of 2nd period - Off-side.
15:23 of 2nd period - Jared McCann wins face-off versus Tyler Seguin in neutral zone.
15:36 of 2nd period - Snap shot by Radim Vrbata.
15:36 of 2nd period - Stopped by Aaron Dell with a rebound.
15:38 of 2nd period - Wrist shot by Radim Vrbata.
15:38 of 2nd period - Shot Blocked by David Pastrnak.
15:48 of 2nd period - Snap shot by Ryan O'Reilly.
15:48 of 2nd period - Shot Misses the Net.
15:50 of 2nd period - Backhand shot by Kevan Miller.
15:50 of 2nd period - Stopped by Scott Darling with a rebound.
15:58 of 2nd period - Snap shot by Ryan O'Reilly.
15:58 of 2nd period - Shot Misses the Net.
16:10 of 2nd period - Snap shot by Darnell Nurse.
16:10 of 2nd period - Stopped by Aaron Dell without a rebound.
16:11 of 2nd period - Antoine Roussel wins face-off versus Vincent Trocheck in Boston Bruins zone.
16:36 of 2nd period - Wrist shot by Brad Marchand.
16:36 of 2nd period - Shot Misses the Net.
17:00 of 2nd period - Radim Vrbata is hit by Riley Nash and loses puck.
17:21 of 2nd period - Brett Ritchie is hit by Adam McQuaid and loses puck.
18:30 of 2nd period - Ryan Spooner is hit by Brett Ritchie and loses puck.
18:43 of 2nd period - Slapshot by Ryan O'Reilly.
18:43 of 2nd period - Stopped by Scott Darling with a rebound.
18:45 of 2nd period - Snap shot by Ryan O'Reilly.
18:45 of 2nd period - Shot Blocked by Ian McCoshen.
18:47 of 2nd period - Slapshot by Will Butcher.
18:47 of 2nd period - Shot Blocked by Nick Bjugstad.
18:49 of 2nd period - Snap shot by Niklas Hjalmarsson.
18:49 of 2nd period - Stopped by Scott Darling with a rebound.
19:33 of 2nd period - Darnell Nurse is hit by Antoine Roussel and loses puck.
Goals for this period are 1 for Florida Panthers vs 0 for Boston Bruins.
Shots for this period are 21 for Florida Panthers vs 7 for Boston Bruins.

3rd period


0:01 of 3rd period - Tyler Seguin wins face-off versus Jared McCann in neutral zone.
0:16 of 3rd period - Tyler Seguin is hit by Jared McCann.
0:31 of 3rd period - Slapshot by Keith Yandle.
0:31 of 3rd period - Shot Misses the Net.
0:33 of 3rd period - Slapshot by Darnell Nurse.
0:33 of 3rd period - Shot Blocked by Kevan Miller.
2:01 of 3rd period - David Pastrnak is hit by Cody McLeod and loses puck.
2:10 of 3rd period - Slapshot by Henrik Borgstrom.
2:10 of 3rd period - Shot Misses the Net.
2:12 of 3rd period - Wrist shot by Brett Ritchie.
2:12 of 3rd period - Shot Misses the Net.
2:26 of 3rd period - Wrist shot by Ryan O'Reilly.
2:26 of 3rd period - Stopped by Scott Darling without a rebound.
2:27 of 3rd period - Jared McCann wins face-off versus Ryan O'Reilly in Florida Panthers zone.
2:59 of 3rd period - Snap shot by Ryan Donato.
2:59 of 3rd period - Stopped by Scott Darling with a rebound.
3:12 of 3rd period - Off-side.
3:13 of 3rd period - Derek MacKenzie wins face-off versus Vincent Trocheck in neutral zone.
4:05 of 3rd period - Slapshot by Ryan Spooner.
4:05 of 3rd period - Stopped by Scott Darling with a rebound.
4:07 of 3rd period - Slapshot by Will Butcher.
4:07 of 3rd period - Stopped by Scott Darling without a rebound.
4:08 of 3rd period - Cody McLeod wins face-off versus Antoine Roussel in Florida Panthers zone.
4:08 of 3rd period - Cody McLeod is hit by Ryan Donato.
4:41 of 3rd period - Wrist shot by David Pastrnak.
4:41 of 3rd period - Stopped by Scott Darling without a rebound.
4:42 of 3rd period - Jared McCann wins face-off versus Tyler Seguin in Florida Panthers zone.
4:49 of 3rd period - Tyler Seguin is hit by Jimmy Vesey and loses puck.
5:06 of 3rd period - Mike Matheson is hit by Ryan O'Reilly and loses puck.
5:31 of 3rd period - Wrist shot by Ryan Donato.
5:31 of 3rd period - Shot Blocked by Keith Yandle.
5:33 of 3rd period - Snap shot by Ryan Spooner.
5:33 of 3rd period - Stopped by Scott Darling with a rebound.
5:35 of 3rd period - Wrist shot by Ryan Spooner.
5:35 of 3rd period - Stopped by Scott Darling with a rebound.
6:13 of 3rd period - Wrist shot by Ryan O'Reilly.
6:13 of 3rd period - Shot Misses the Net.
6:15 of 3rd period - Slapshot by Kevan Miller.
6:15 of 3rd period - Stopped by Scott Darling without a rebound.
6:16 of 3rd period - Ryan O'Reilly wins face-off versus Vincent Trocheck in Florida Panthers zone.
6:31 of 3rd period - Snap shot by Jonathan Huberdeau.
6:31 of 3rd period - Shot Misses the Net.
6:49 of 3rd period - Snap shot by David Pastrnak.
6:49 of 3rd period - Shot Misses the Net.
7:05 of 3rd period - Cody McLeod is hit by Ryan Donato and loses puck.
7:22 of 3rd period - Torey Krug is hit by Ian McCoshen and loses puck.
7:33 of 3rd period - Snap shot by Seth Griffith.
7:33 of 3rd period - Stopped by Aaron Dell with a rebound.
8:11 of 3rd period - Ryan Donato is hit by Jimmy Vesey.
8:49 of 3rd period - Slapshot by Adam Erne.
8:49 of 3rd period - Shot Misses the Net.
8:51 of 3rd period - Snap shot by Justin Holl.
8:51 of 3rd period - Deflect By Ryan O'Reilly.
8:51 of 3rd period - Stopped by Aaron Dell with a rebound.
9:05 of 3rd period - Wrist shot by Vincent Trocheck.
9:05 of 3rd period - Stopped by Aaron Dell without a rebound.
9:06 of 3rd period - Jared McCann wins face-off versus Antoine Roussel in Boston Bruins zone.
9:07 of 3rd period - Snap shot by Jimmy Vesey.
9:07 of 3rd period - Stopped by Aaron Dell with a rebound.
9:49 of 3rd period - Snap shot by Vincent Trocheck.
9:49 of 3rd period - Stopped by Aaron Dell with a rebound.
9:51 of 3rd period - Slapshot by Darnell Nurse.
9:51 of 3rd period - Shot Misses the Net.
9:53 of 3rd period - Wrist shot by Nick Bjugstad.
9:53 of 3rd period - Shot Blocked by Ryan O'Reilly.
10:06 of 3rd period - Minor Penalty to Antoine Roussel for Holding.
10:07 of 3rd period - Derek MacKenzie wins face-off versus Vincent Trocheck in Boston Bruins zone.
10:07 of 3rd period - Derek MacKenzie is hit by Nick Bjugstad.
10:42 of 3rd period - Slapshot by Keith Yandle.
10:42 of 3rd period - Stopped by Aaron Dell with a rebound.
11:26 of 3rd period - Mike Matheson is hit by Brandon Carlo.
12:06 of 3rd period - Penalty to Antoine Roussel is over, Antoine Roussel is back on ice.
12:18 of 3rd period - Snap shot by Antoine Roussel.
12:18 of 3rd period - Shot Misses the Net.
12:30 of 3rd period - Brad Marchand is hit by Adam Erne and loses puck.
13:08 of 3rd period - Icing by Jared McCann.
13:09 of 3rd period - Jared McCann wins face-off versus Ryan O'Reilly in Florida Panthers zone.
13:09 of 3rd period - Jared McCann is hit by Riley Nash.
13:22 of 3rd period - Mark Pysyk is hit by Niklas Hjalmarsson.
13:34 of 3rd period - Mike Matheson is hit by Ryan Spooner and loses puck.
13:53 of 3rd period - Snap shot by Mark Pysyk.
13:53 of 3rd period - Stopped by Aaron Dell without a rebound.
13:54 of 3rd period - Jared McCann wins face-off versus Ryan O'Reilly in Boston Bruins zone.
13:54 of 3rd period - Jared McCann is hit by Niklas Hjalmarsson.
14:11 of 3rd period - Minor Penalty to Jimmy Vesey for Hooking.
14:12 of 3rd period - Vincent Trocheck wins face-off versus Ryan O'Reilly in Florida Panthers zone.
14:25 of 3rd period - Wrist shot by Jared McCann.
14:25 of 3rd period - Stopped by Aaron Dell with a rebound.
14:33 of 3rd period - Nick Bjugstad is hit by Niklas Hjalmarsson and loses puck.
16:11 of 3rd period - Penalty to Jimmy Vesey is over, Jimmy Vesey is back on ice.
Goals for this period are 0 for Florida Panthers vs 0 for Boston Bruins.
Shots for this period are 8 for Florida Panthers vs 8 for Boston Bruins.